 Dungeon Crawl Stone Soup version 0.25-a0-513-ge77a69270c (webtiles) character file.

Game seed: 11504974592468513430, levelgen mode: deterministic

113 Error4North the Skirmisher (level 4, -1/40 HPs)
             Began as a Hill Orc Fighter on Feb 16, 2020.
             Slain by a worm (9 damage)
             ... on level 2 of the Dungeon.
             The game lasted 00:04:45 (1471 turns).

Error4North the Skirmisher (Hill Orc Fighter)       Turns: 1471, Time: 00:04:46

Health: -1/40      AC:  7    Str: 19    XL:     4   Next: 96%
Magic:  4/4        EV:  7    Int:  8    God:
Gold:   103        SH:  9    Dex: 10    Spells: 3/3 levels left

rFire    . . .     SeeInvis .   a - +0 war axe
rCold    . . .     Gourm    .   c - +0 kite shield
rNeg     . . .     Faith    .   b - +0 scale mail
rPois    .         Spirit   .   (no helmet)
rElec    .         Reflect  .   (no cloak)
rCorr    .         Harm     .   (no gloves)
MR       .....                  (no boots)
Stlth    ..........             k - amulet of the acrobat
HPRegen  0.13/turn              (no ring)
MPRegen  0.09/turn              (no ring)

@: no status effects
A: no striking features
a: no special abilities


You were on level 2 of the Dungeon.
You were not hungry.

You visited 1 branch of the dungeon, and saw 2 of its levels.

You collected 103 gold pieces.

Inventory:

Hand Weapons
 a - a +0 war axe (weapon)
Missiles
 i - 10 javelins (quivered)
Armour
 b - a +0 scale mail (worn)
 c - a +0 kite shield (worn)
Jewellery
 e - an uncursed ring of protection from cold {unknown}
 h - an uncursed ring of resist corrosion {unknown}
 k - an amulet of the acrobat (around neck)
Scrolls
 g - a scroll of amnesia {unknown}
 j - a scroll of identify {unknown}
 n - a scroll of teleportation {unknown}
 o - 2 scrolls of fear {unknown}
 p - 2 scrolls of remove curse {unknown}
Potions
 d - 2 potions of might
 l - a potion of brilliance {unknown}
 m - a potion of curing {unknown}
 q - a potion of degeneration {unknown}
Comestibles
 f - 3 rations


   Skills:
 * Level 4.3 Fighting
 + Level 4.0 Axes
 * Level 4.1 Armour
 + Level 0.3 Dodging
 * Level 4.2 Shields


You had 3 spell levels left.
You didn't know any spells.
Your spell library was empty.

Dungeon Overview and Level Annotations

Branches:
Dungeon (2/15)

Altars:


Message History

You block the worm's attack.
You hit the worm.
The worm is lightly wounded.
You block the worm's attack.
You hit the worm.
The worm is heavily wounded.
Your shield and scale mail prevent you from hitting the worm.
The worm is heavily wounded.
The worm bites you.
* * * LOW HITPOINT WARNING * * *
Your shield and scale mail prevent you from hitting the worm.
The worm is moderately wounded.
You block the worm's attack.
You hit the worm.
The worm is moderately wounded.
You block the worm's attack.
You slash the worm!
The worm is severely wounded.
The worm bites you!
You die...

#....# #....#
#....#
#####....#
#.......>#
#........#
#........####
#.......>...#
#.......w@..#
####........#
#........#
#........#
########## ##
.# .### ...#


You could see a worm.

Vanquished Creatures
  A worker ant (D:2)
  2 adders (D:2)
  A worm (D:2)
  2 dart slugs (D:1)
  8 giant cockroaches
  9 goblins
  5 hobgoblins
  2 jackals (D:2)
  A quokka (D:2)
  8 bats
  A frilled lizard (D:1)
  7 kobolds
  16 rats
63 creatures vanquished.

Notes
Turn   | Place    | Note
-------+----------+-------------------------------------------
     0 | D:1      | Error4North the Hill Orc Fighter began the quest for the
                  | Orb.
     0 | D:1      | Reached XP level 1. HP: 19/19 MP: 1/1
    27 | D:1      | Reached XP level 2. HP: 16/27 MP: 2/2
   235 | D:1      | Reached XP level 3. HP: 30/33 MP: 3/3
   985 | D:2      | Reached XP level 4. HP: 26/40 MP: 4/4
  1471 | D:2      | Slain by a worm

Levels and vault maps discovered:
D:1:      erik_arrival_orb_chamber, layout_basic
D:2:      layout_basic, dk_noncrumbling_3

Skill      XL: |  1  2  3  4 |
---------------+-------------+-----
Axes           | 3 4 |  4.0
Fighting       | 4 |  4.3
Armour         | 4 |  4.1
Shields        | 4 |  4.2
Dodging        | |  0.3

Action                   |  1- 3 |  4- 6 || total
-------------------------+-------+-------++-------
Melee: War axe           |   122 |    53 ||   175
  Eat: Chunk             |       |     2 ||     2
Armor: Scale mail        |    72 |    21 ||    93
Dodge: Dodged            |    27 |    16 ||    43
Block: Kite shield       |    67 |    33 ||   100

Table legend:
 A = Non-vault XP
 B = Vault XP
 C = Vault XP percentage of total XP
 D = Non-vault monster count
 E = Vault monster count
 F = Vault count percentage of total count
                 A         B        C        D         E       F
            +---------+---------+-------+---------+---------+-------
      Total |     150 |      12 |   7.4 |      51 |      12 |  19.0
            +---------+---------+-------+---------+---------+-------
        D:1 |      59 |      12 |  16.9 |      31 |      12 |  27.9
        D:2 |      91 |       0 |   0.0 |      20 |       0 |   0.0
            +---------+---------+-------+---------+---------+-------
